AoeStats
← Dagon

Arena

510248852Analyzed
3v3 RM · 2d ago on Sep 30, 2026· 69m 17s· 6 players
Game mode
Random Map
Map size
Normal (6 player)
Population
200
Speed
Normal
Resources
Standard
Victory
Conquest
Starting age
Dark Age
Ending age
Imperial Age
RankedLock teamsTeams togetherTeam positionsShared explorationLock speedFull tech treeHidden civsTurbo modeCheats
Victory
Defeat
🇨🇳 Turks · China
642
+13
🇨🇱 Maya · Chile
634
+14
🇦🇷 Berbers · Argentina
551
+17
🇨🇴 Khmer · Colombia
631
-16
🇲🇽 Japanese · Mexico
586
-15
🇲🇽 Khmer · Mexico
532
-13
Porowy
0:44 Loom
10:02 Feudal Age
11:18 Wheelbarrow
10:31 Town Watch
15:32 Double-Bit Axe
17:49 Horse Collar
24:15 Castle Age
25:25 Hand Cart
25:18 Pikeman
27:31 Crossbowman
31:21 Gold Mining
35:43 Imperial Age
34:41 Forging
34:49 Scale Mail Armor
36:27 Iron Casting
36:08 Heavy Plow
36:50 Stone Mining
38:18 Halberdier
41:00 Caravan
41:28 Scale Barding Armor
42:25 Blast Furnace
42:22 Bow Saw
41:58 Capped Ram
44:19 Chemistry
43:38 Fortified Wall
44:41 Chain Barding Armor
46:52 Plate Barding Armor
45:45 Light Cavalry
47:44 Husbandry
47:55 Bloodlines
48:10 Cavalier
Itacate
0:28 Loom
11:20 Feudal Age
16:14 Castle Age
14:26 Horse Collar
15:56 Stone Mining
15:56 Gold Mining
18:14 Double-Bit Axe
21:10 Gold Mining
23:02 Wheelbarrow
23:14 Town Watch
24:44 Gold Shaft Mining
28:06 Heavy Plow
28:22 Bow Saw
32:32 Imperial Age
30:34 Fletching
30:49 Treadmill Crane
31:30 Ballistics
32:56 Fervor
32:51 Yasama
33:57 Conscription
34:20 Scale Mail Armor
36:26 Chemistry
35:40 Bodkin Arrow
36:17 Kataparuto
38:29 Forging
38:20 Bracer
37:49 Pikeman
38:30 Squires
38:15 Arson
38:16 Gambesons
40:14 Hoardings
41:04 Murder Holes
42:09 Masonry
44:08 Hand Cart
44:08 Halberdier
44:46 Crossbowman
45:31 Thumb Ring
49:30 Iron Casting
49:00 Scale Barding Armor
49:10 Chain Mail Armor
49:00 Scale Barding Armor
49:10 Chain Mail Armor
49:30 Iron Casting
48:56 Padded Archer Armor
49:06 Siege Engineers
49:56 Elite Skirmisher
49:57 Arbalester
55:50 Parthian Tactics
60:33 Elite Samurai
66:03 Two-Man Saw
acardonahenao99
6:28 Loom
13:46 Feudal Age
20:26 Castle Age
20:10 Double-Bit Axe
20:08 Horse Collar
23:30 Wheelbarrow
22:42 Town Watch
29:14 Gold Mining
29:23 Stone Mining
31:00 Hand Cart
30:18 Pikeman
31:11 Bloodlines
31:25 Heavy Plow
31:38 Bow Saw
32:31 Scale Barding Armor
32:36 Scale Mail Armor
32:47 Forging
32:29 Fletching
34:31 Murder Holes
34:57 Ballistics
34:48 Masonry
34:42 Husbandry
35:36 Gold Shaft Mining
36:00 Stone Shaft Mining
37:12 Chain Barding Armor
41:43 Imperial Age
39:03 Arson
42:10 Town Patrol
41:47 Heavy Scorpion
43:10 Conscription
43:35 Crop Rotation
43:22 Caravan
44:22 Siege Engineers
45:18 Chemistry
44:49 Architecture
45:03 Iron Casting
45:41 Plate Barding Armor
44:53 Light Cavalry
46:32 Hoardings
45:57 Elite Ballista Elephant
49:21 Tusk Swords
49:23 Double Crossbow
50:28 Blast Furnace
50:08 Halberdier
57:14 Chain Mail Armor
56:55 Bodkin Arrow
59:53 Fortified Wall
61:46 Hoardings
64:46 Hussar
Dagon
0:30 Loom
15:44 Feudal Age
16:13 Town Watch
17:03 Wheelbarrow
16:28 Double-Bit Axe
21:06 Castle Age
19:26 Horse Collar
24:23 Stone Mining
26:28 Heavy Plow
28:32 Stone Shaft Mining
27:47 Gold Mining
28:21 Treadmill Crane
30:21 Hand Cart
30:09 Town Patrol
30:28 Bow Saw
32:29 Murder Holes
32:39 Pikeman
33:21 Squires
33:24 Fletching
33:40 Scale Mail Armor
35:34 Forging
35:20 Bodkin Arrow
35:09 Elite Skirmisher
35:55 Thumb Ring
36:23 Eagle Warrior
37:48 Arson
38:20 Padded Archer Armor
38:43 Ballistics
38:34 Masonry
41:39 Imperial Age
41:27 Iron Casting
41:47 Caravan
42:01 Hul'che Javelineers
43:32 Two-Man Saw
43:35 Coinage
44:33 Conscription
46:02 Chemistry
45:34 Architecture
44:38 Halberdier
46:22 Hoardings
46:42 Onager
47:09 Elite Eagle Warrior
48:44 Bracer
49:03 Chain Mail Armor
52:46 Blast Furnace
51:59 Fortified Wall
53:05 Elite Plumed Archer
54:38 Holcans
62:23 Plate Mail Armor
62:09 Leather Archer Armor
64:48 Guilds
69:24 Sappers
lobitomanufischer
11:00 Feudal Age
16:52 Bloodlines
19:53 Castle Age
20:11 Horse Collar
20:25 Gold Mining
21:50 Husbandry
21:10 Light Cavalry
22:01 Double-Bit Axe
26:32 Heavy Plow
26:55 Bow Saw
30:02 Gold Shaft Mining
29:21 Stone Mining
34:23 Imperial Age
32:33 Thumb Ring
35:25 Forging
35:06 Fletching
35:17 Padded Archer Armor
35:22 Scale Barding Armor
34:44 Hussar
35:58 Heavy Camel Rider
37:18 Heavy Cavalry Archer
42:13 Chemistry
41:34 Ballistics
41:04 Heated Shot
41:38 Leather Archer Armor
41:19 Bodkin Arrow
42:00 Iron Casting
41:46 Chain Barding Armor
42:04 Crop Rotation
43:04 Kasbah
45:37 Maghrebi Camels
47:03 Elite Camel Archer
55:16 Ring Archer Armor
54:47 Bracer
55:47 Blast Furnace
55:25 Plate Barding Armor
56:10 Elite Camel Archer
60:52 Murder Holes
66:53 Elite Genitour
RICH
4:11 Loom
10:56 Feudal Age
12:40 Double-Bit Axe
13:54 Horse Collar
15:20 Wheelbarrow
22:14 Castle Age
26:59 Stone Mining
27:00 Gold Mining
27:18 Caravan
27:28 Treadmill Crane
29:52 Bow Saw
30:27 Heavy Plow
31:06 Gold Shaft Mining
31:09 Bloodlines
31:03 Husbandry
31:44 Hand Cart
37:36 Imperial Age
37:49 Padded Archer Armor
37:39 Fletching
38:01 Forging
37:57 Scale Barding Armor
38:46 Ballistics
38:17 Heated Shot
38:38 Masonry
38:57 Leather Archer Armor
39:23 Conscription
39:11 Artillery
38:54 Elite Janissary
41:19 Architecture
41:40 Guilds
43:04 Ring Archer Armor
42:30 Bodkin Arrow
43:10 Iron Casting
44:22 Two-Man Saw
45:12 Bombard Tower
58:10 Murder Holes
65:02 Redemption
Connection lost

Rejoining the realm…

Still unreachable

The connection could not be restored.

Session expired

The server has moved on; the page needs a fresh start.